 Dungeon Crawl Stone Soup version 0.20-a0-210-gd6c29eb (webtiles) character file.

106 KristoblXynda the Charmwright (level 4, -4/36 HPs)
             Began as a Draconian Skald on Nov 26, 2016.
             Slain by a gnoll
             ... wielding a +0 whip
              (10 damage)
             ... on level 2 of the Dungeon.
             The game lasted 00:03:37 (1967 turns).

KristoblXynda the Charmwright (Draconian Skald)     Turns: 1967, Time: 00:03:37

Health: -4/36      AC:  7    Str: 12 (14) XL:     4   Next: 55%
Magic:  7/7        EV:  9    Int: 12 (14) God:
Gold:   39         SH:  0    Dex:  8 (10) Spells: 1/7 levels left

rFire  . . .     SeeInvis .     a - +0 falchion
rCold  . . .     Gourm    .     (armour unavailable)
rNeg   . . .     Faith    .     (no shield)
rPois  .         Spirit   .     (helmet restricted)
rElec  .         Reflect  .     (no cloak)
rCorr  .         Harm     .     (no gloves)
MR     .....                    f - +1 pair of boots
Stlth  ..........               (no amulet)
                                i - -3 ring of evasion (curse)
                                n - ring of loudness (curse)

@: no status effects
A: unfitting armour, cold-blooded, AC +5
a: no special abilities


You were on level 2 of the Dungeon.
You were not hungry.

You visited 1 branch of the dungeon, and saw 3 of its levels.

You collected 39 gold pieces.

Inventory:

Hand Weapons
 a - a +0 falchion (weapon)
Armour
 f - a +1 pair of boots (worn)
Jewellery
 i - a cursed -3 ring of evasion (right hand)
 j - an uncursed ring of see invisible {unknown}
 n - a cursed ring of loudness (left hand)
Potions
 e - a potion of magic
 g - a potion of brilliance
Books
 b - a book of Battle

   Spells                             Type                      Level
   a - Infusion                       Charms                       1
   b - Shroud of Golubria             Charms/Translocation         2
   c - Song of Slaying                Charms                       2
   d - Spectral Weapon                Hexes/Charms                 3
   e - Regeneration                   Charms/Necromancy            3
Comestibles
 c - a bread ration
 o - a meat ration


   Skills:
 - Level 2.1 Fighting
 + Level 3.2 Long Blades
 + Level 2.5 Dodging
 - Level 2.0 Spellcasting
 + Level 3.6 Charms


You had one spell level left.
You knew the following spells:

 Your Spells              Type           Power        Failure   Level  Hunger
a - Regeneration          Chrm/Necr      #.........   43%         3    ####...
b - Spectral Weapon       Hex/Chrm       #.......     43%         3    ####...


Dungeon Overview and Level Annotations

Branches:
Dungeon (3/15)

Altars:


Innate Abilities, Weirdness & Mutations

Your plain brown scales are hard. (AC +5)
You cannot fit into any form of body armour.
You are cold-blooded and may be slowed by cold attacks.


Message History

You kill the gnoll!
You feel your strength returning.
You barely miss the gnoll. The gnoll barely misses you.
You riposte.
You closely miss the gnoll. You hit the gnoll.
The gnoll is lightly wounded.
The gnoll completely misses you.
You barely miss the gnoll.
The gnoll is lightly wounded.
The gnoll hits you with a whip.
* * * LOW HITPOINT WARNING * * *
You hit the gnoll.
The gnoll is severely wounded.
The gnoll barely misses you.
You hit the gnoll but do no damage.
The gnoll is severely wounded.
The gnoll hits you with a whip.
* * * LOW HITPOINT WARNING * * *
The gnoll hits you with a whip!
You die...

###..##.####.#....†....# #.#
#.......##.#.#####...# #.#
#...###.##.#.# ##(#..# #.# #...#
#......###.###.## ##.#
###.#.###..#......## ##.# #...
.##.#......#######.###.## #..#
.##.#.#.##.# ##.#..#######..#
.##.#...##.#########............#
(...............@gg....#######.##
.####.#.######.#####..### #.# .#
#.#.# #.# #....# #.# .# #.#.# #.#
#..#.# #>## .# #.#.# #.#####..#.#
#... .# #.#.# #.#...#.†#.# ####
.# #.#.######.#........# # .#
#.#.##..............# # .#
#.#.................# #


You could see 2 gnolls.

Vanquished Creatures
  3 gnolls
  2 adders (D:2)
  A dart slug (D:2)
  2 leopard geckos
  A ball python (D:1)
  3 giant cockroaches
  4 goblins
  6 hobgoblins
  6 jackals
  4 kobolds (D:1)
  7 bats
  4 frilled lizards (D:1)
  12 rats
55 creatures vanquished.

Notes
Turn   | Place    | Note
-------+----------+-------------------------------------------
     0 | D:1      | KristoblXynda the Draconian Skald began the quest for the Orb.
     0 | D:1      | Reached XP level 1. HP: 17/17 MP: 3/3
   100 | D:1      | Reached XP level 2. HP: 24/24 MP: 5/5
   580 | D:2      | Reached XP level 3. HP: 22/29 MP: 6/6
   854 | D:2      | Found a faded altar of an unknown god.
  1276 | D:2      | Reached XP level 4. HP: 35/36 MP: 7/7
  1380 | D:2      | Learned a level 3 spell: Regeneration
  1384 | D:2      | Learned a level 3 spell: Spectral Weapon
  1967 | D:2      | Slain by a gnoll

Vault maps used:
D:1:      eino_arrival_tree_alley, kennysheep_another_room
D:2:      chequers_ecumenical_altar_simple_redux
D:3:      nicolae_overflow_crystal_walls, first_bread

Skill      XL: |  1  2  3  4 |
---------------+-------------+-----
Charms         | 3 |  3.6
Dodging        | 2 |  2.5
Long Blades    | 3 |  3.2
Fighting       | |  2.1
Spellcasting   | |  2.0

Action                   |  1- 3 |  4- 6 || total
-------------------------+-------+-------++-------
Melee: Falchion          |   122 |    51 ||   173
       Tailslap          |    13 |     7 ||    20
  Use: Scroll            |     9 |     3 ||    12
       Potion            |       |     3 ||     3
  Eat: Chunk             |     1 |     1 ||     2
       Meat ration       |       |     1 ||     1
Armor: Skin              |    38 |    19 ||    57
Dodge: Dodged            |   100 |    24 ||   124
       Rpst.: Falchion   |    24 |     9 ||    33
